 Dungeon Crawl Stone Soup version 0.27.1-34-g3ba077fa99 (webtiles) character file.

Game seed: 12031504621823700825

143192 raph the Earth Mage (level 17, -2/102 HPs)
             Began as a Gargoyle Earth Elementalist on Jan 5, 2022.
             Was a High Priest of Vehumet.
             Slain by an alligator snapping turtle (25 damage)
             ... on level 3 of the Shoals.
             The game lasted 01:31:45 (51729 turns).

raph the Earth Mage (Gargoyle Earth Elementalist)  Turns: 51729, Time: 01:31:46

Health: -2/102     AC: 35    Str: 19    XL:     17   Next: 37%
Magic:  6/40       EV: 14    Int: 29    God:    Vehumet [*****.]
Gold:   2231       SH:  5    Dex: 13    Spells: 5/37 levels left

rFire    . . .     SeeInvis +   a - +7 morningstar (vorpal)
rCold    . . .     Faith    .   n - +0 buckler
rNeg     + . .     Spirit   .   s - quicksilver dragon scales
rPois    ∞         Reflect  .   o - +2 helmet of Winter {rPois}
rElec    +         Harm     .   y - +2 cloak
rCorr    +         Rampage  .   R - +0 pair of gloves "Tese" {SInv}
Will     +....                  Z - +0 pair of boots
Stlth    ++++......             z - amulet of Bewaa {Acrobat rCorr Dex+3}
HPRegen  0.27/turn              K - ring of magical power
MPRegen  0.27/turn              c - ring "Silob" {rPois Will- Str+7 Int+6 Stlth+}

@: flying, studying Staves
A: sickness immunity, AC +12, big wings, negative energy resistance 1,
electricity resistance, torment resistance 1, petrification resistance
a: Renounce Religion


You were on level 3 of the Shoals.
You worshipped Vehumet.
Vehumet was extremely pleased with you.
You visited 4 branches of the dungeon, and saw 26 of its levels.
You also visited: Trove, Ossuary, Bailey and Ice Cave.

You collected 4065 gold pieces.
You spent 1834 gold pieces at shops.

Inventory:

Hand Weapons
 a - a +7 vorpal morningstar (weapon)
 G - a +0 morningstar
Missiles
 d - 4 throwing nets
 f - 193 poisoned darts
 l - 14 curare-tipped darts
 v - 485 stones
 Y - 5 boomerangs of dispersal
Armour
 n - a +0 buckler (worn)
 o - the +2 helmet of Winter (worn) {rPois}
   (You found it in a treasure trove)

   rPois:     It protects you from poison.
 s - quicksilver dragon scales (worn)
 w - a +2 hat of willpower
 y - a +2 cloak (worn)
 R - the +0 pair of gloves "Tese" (worn) {SInv}
   (You acquired it on level 4 of the Lair of Beasts)

   SInv:      It lets you see invisible.
 Z - a +0 pair of boots (worn)
Magical Staves
 b - a staff of earth
Jewellery
 c - the ring "Silob" (right hand) {rPois Will- Str+7 Int+6 Stlth+}
   (You acquired it on level 4 of the Dungeon)

   [ring of intelligence]

   Str:       It affects your strength (+7).
   Int:       It affects your intelligence (+6).
   rPois:     It protects you from poison.
   Will:      It decreases your willpower.
   Stlth:     It makes you more stealthy.
 z - the amulet of Bewaa (around neck) {Acrobat rCorr Dex+3}
   (You acquired it on level 7 of the Dungeon)

   [amulet of the acrobat]

   It increases your evasion while moving and waiting.
   Dex:       It affects your dexterity (+3).
   rCorr:     It protects you from acid and corrosion.
 K - a ring of magical power (left hand)
 U - a ring of resist corrosion
Wands
 g - a wand of digging (9)
 h - a wand of acid (5)
 E - a wand of iceblast (56)
 H - a wand of paralysis (28)
 P - a wand of flame (88)
Scrolls
 e - a scroll of amnesia
 q - 12 scrolls of teleportation
 x - a scroll of torment
 D - 2 scrolls of silence
 I - 11 scrolls of identify
 J - a scroll of fear
 M - 2 scrolls of blinking
 N - 2 scrolls of summoning
Potions
 i - 3 potions of magic
 j - 6 potions of brilliance
 k - 6 potions of flight
 m - 5 potions of mutation
 p - 7 potions of berserk rage
 r - a potion of cancellation
 t - 8 potions of attraction
 u - 2 potions of resistance
 A - 5 potions of ambrosia
 B - 9 potions of curing
 C - a potion of invisibility
 L - 3 potions of haste
 O - 6 potions of heal wounds
 S - 6 potions of lignification
 T - 3 potions of might
Miscellaneous
 Q - a phial of floods (inert)
 W - a phantom mirror


   Skills:
 + Level 10.2 Fighting
 * Level 9.4 Maces & Flails
 + Level 10.2 Armour
 + Level 8.1 Dodging
 + Level 8.4 Stealth
 - Level 4.0 Shields
 + Level 10.8 Spellcasting
 + Level 13.6 Conjurations
 + Level 8.8 Summonings
 - Level 3.0 Translocations
 - Level 0.7 Transmutations
 * Level 15.6 Earth Magic
 - Level 1.4 Evocations


You had 5 spell levels left.
You knew the following spells:

 Your Spells              Type           Power      Damage    Failure   Level
a - Sandblast             Erth           100%       2d20      0%          1
b - Passwall              Tmut/Erth      48%        N/A       1%          2
c - Fireball              Conj/Fire      26%        3d12      2%          5
d - Bolt of Magma         Conj/Fire/Erth 32%        4d14      1%          5
e - Lee's Rapid Deconstr  Erth           41%        3d21*     1%          5
f - Blink                 Tloc           N/A        N/A       2%          2
g - Iskenderun's Mystic   Conj/Tloc      59%        2d12      1%          4
h - Spellforged Servitor  Conj/Summ      34%        N/A       12%         7
i - Animate Skeleton      Necr           30%        N/A       5%          1

Your spell library contained the following spells:

 Spells                   Type           Power      Damage    Failure   Level
 Lehudib's Crystal Spear  Conj/Erth      39%        10d10     21%         8
 Magic Dart               Conj           100%       1d8       0%          1
 Apportation              Tloc           66%        N/A       1%          1
 Summon Small Mammal      Summ           100%       N/A       1%          1
 Stone Arrow              Conj/Erth      100%       3d13      1%          3
 Animate Armour           Summ/Erth      100%       N/A       1%          4
 Fulminant Prism          Conj/Hex       26%        3d14      1%          4
 Hailstorm                Conj/Ice       53%        3d12      1%          4
 Petrify                  Tmut/Erth      58%        N/A       1%          4
 Irradiate                Conj/Tmut      27%        3d22      2%          5
 Frozen Ramparts          Ice            30%        1d5       4%          3
 Inner Flame              Hex/Fire       15%        N/A       4%          3
 Lesser Beckoning         Tloc           16%        N/A       4%          3
 Corona                   Hex            16%        N/A       5%          1
 Borgnjor's Vile Clutch   Necr/Erth      28%        N/A       6%          5
 Slow                     Hex            15%        N/A       8%          2
 Summon Ice Beast         Ice/Summ       41%        N/A       9%          4
 Passage of Golubria      Tloc           N/A        N/A       14%         4
 Confusing Touch          Hex            15%        N/A       16%         3
 Tukima's Dance           Hex            15%        N/A       16%         3
 Yara's Violent Unravell  Hex/Tmut       8%         3d5       30%         5
 Manifold Assault         Tloc           33%        N/A       38%         5
 Ice Form                 Ice/Tmut       17%        N/A       41%         4
 Animate Dead             Necr           7%         N/A       45%         4
 Cause Fear               Hex            7%         N/A       45%         4
 Blade Hands              Tmut           9%         N/A       71%         5
 Alistair's Intoxication  Tmut/Pois      11%        N/A       77%         5
 Metabolic Englaciation   Hex/Ice        7%         N/A       82%         5
 Iron Shot                Conj/Erth      39%        9d8       1%          6
 Eringya's Noxious Bog    Tmut/Pois      8%         N/A       83%         6
 Malign Gateway           Summ/Tloc      25%        N/A       98%         7
 Simulacrum               Ice/Necr       7%         N/A       100%        6
 Haunt                    Necr/Summ      20%        N/A       100%        7
 Discord                  Hex            7%         N/A       100%        8
 Infestation              Necr           7%         N/A       100%        8
 Summon Horrible Things   Summ           30%        N/A       100%        8
 Statue Form              Tmut/Erth      Unusable   N/A       N/A         6

Dungeon Overview and Level Annotations

Branches:
Dungeon (15/15)            Temple (0/1) D:5            Lair (6/6) D:9
 Shoals (3/4) Lair:3        Snake (0/4) Lair:3        Slime (0/5) Lair:5
    Orc (2/2) D:11            Elf (0/3) Orc:2        Vaults (0/5) D:14
 Depths (0/5) D:15        Ossuary (visited)          Bailey (visited)
  IceCv (visited)

Altars:
Ashenzari
Elyvilon
Fedhas
Gozag
Sif Muna
Vehumet
Beogh
Jiyva
Lugonu

Shops:
D:6 ?   Orc:1 !   Orc:2 (=[:   Shoals:2 !

Portals:
Abyss: Lair:6

Annotations:
Lair:2 3 runed translucent doors, Pechyafi's ghost, journeyman DDEE
Lair:5 1 runed translucent door, MisterFreud's ghost, journeyman GnWn
Shoals:1 exclusion: downstairs
Shoals:2 Jorgrun


Innate Abilities, Weirdness & Mutations

You are immune to sickness and miasma.
Your stone body is resilient. (AC +12)
You are immune to poison.
Your large and strong wings let you fly.
You resist negative energy. (rN+)
You are resistant to electric shocks. (rElec)
You are resistant to unholy torment.
You are immune to petrification.


Message History

You are mesmerised by the merfolk siren!
You cannot move away from the merfolk siren!
You break out of your daze!
You see here a +0 robe.
The merfolk siren chants a haunting song.
You are mesmerised by the merfolk siren!
As you read the scroll of fog, it crumbles to dust.
The scroll dissolves into smoke.
The merfolk siren chants its luring song.
Aim the phial where?
Press: ? - help, Shift-Dir - straight line, f/p - alligator snapping turtle
Aim: an alligator snapping turtle (almost dead)
The torrent of water hits the alligator snapping turtle.
The alligator snapping turtle is almost dead.
The alligator snapping turtle is knocked back by the torrent of water.
The wave splashes down.
You hear a shout!
The merfolk siren chants its luring song.
Aiming: Corrosive Bolt
Press: ? - help, Shift-Dir - straight line, f/p - alligator snapping turtle
Aim: an alligator snapping turtle (almost dead, 100% to hit)
The bolt of acid hits the alligator snapping turtle but does no damage.
The alligator snapping turtle is almost dead.
The merfolk siren chants its luring song.
Aiming: Corrosive Bolt
Press: ? - help, Shift-Dir - straight line, f/p - alligator snapping turtle
Aim: an alligator snapping turtle (grey smoke, almost dead, 100% to hit)
The bolt of acid hits the alligator snapping turtle but does no damage.
The alligator snapping turtle is almost dead.
You are no longer entranced.
The alligator snapping turtle bites you from afar!
* * * LOW HITPOINT WARNING * * *
Aiming: Iceblast
Press: ? - help, Shift-Dir - straight line, f/p - alligator snapping turtle
Aim: an alligator snapping turtle (grey smoke, almost dead)
The mass of ice explodes!
The iceblast engulfs the alligator snapping turtle.
The alligator snapping turtle is almost dead.
The alligator snapping turtle bites you from afar!!
You die...

≈≈.≈.>.##...≈≈≈≈≈≈≈.≈≈≈≈≈≈≈≈≈≈≈≈≈
≈≈(≈.####.....≈≈≈≈≈..≈≈≈≈≈≈≈≈≈≈≈≈
)≈≈≈.# #..>).≈≈≈≈≈≈≈≈≈≈≈≈≈≈≈≈≈≈≈
))≈≈.####.....≈≈≈)))≈≈≈≈≈≈≈≈..≈≈≈
≈≈≈.≈........≈≈)≈(≈..≈≈≈≈..≈≈..≈≈
≈≈..≈.≈≈.#.....§......≈≈≈...≈≈≈.≈
.≈≈..≈≈≈......§§§§§...≈≈...≈≈≈..≈
≈≈≈≈..≈≈≈.≈≈..§§§§§≈≈..≈.........
≈≈≈≈≈≈≈≈≈≈≈≈..#§@§t[≈≈...........
≈≈≈≈≈≈≈≈≈≈≈≈.####§§≈≈...........P
≈≈≈≈≈≈≈≈≈≈≈≈≈.########m)..####...
≈≈≈≈≈≈≈≈≈≈≈≈≈..# #.....####..
≈≈≈≈≈≈≈≈≈≈≈....# #..[.#.####.
≈≈≈≈≈≈≈≈≈≈≈...## #....##.###.
≈≈##≈≈≈≈≈≈≈≈..###### #m..###....≈
≈# #≈≈≈≈≈≈≈≈≈≈.##..# #...####..≈≈
≈≈≈≈≈≈≈≈≈≈≈≈.##..###.≈≈.# ##.≈P


You could see an alligator snapping turtle.

Vanquished Creatures
  Polyphemus (Shoals:1)
  Gastronok (Lair:1)
  Kirke (D:14)
  2 azure jellies (IceCv)
  2 orc warlords
  Aizul (Shoals:2)
  A stone giant (Shoals:2)
  A quicksilver ooze (IceCv)
  The ghost of Arum the Fighter, a journeyman FoFi of Gozag (D:13)
  2 merfolk impalers (Shoals:3)
  An ettin (D:15)
  Josephine (D:13)
  2 boulder beetles
  A rakshasa (D:14)
  An ogre mage (D:11)
  A merfolk avatar (Shoals:3)
  Erolcha (D:9)
  4 centaur warriors
  3 hydras
  2 catoblepae
  5 two-headed ogres
  3 tengu warriors
  2 satyrs (Shoals:3)
  12 death yaks
  4 thrashing horrors (Lair:6)
  An orc high priest (Orc:2)
  Urug (Orc:1)
  4 sea snakes
  12 harpies
  A glowing orange brain (shapeshifter) (D:9)
  A necromancer (D:14)
  An orc knight (Orc:1)
  3 wizards
  Pikel (D:4)
  5 orc sorcerers
  14 cyclopes
  14 manticores
  8 ugly things
  A salamander (Lair:1)
  16 fauns
  4 merfolk sirens
  12 elephants
  7 black mambas
  A guardian serpent (shapeshifter) (Lair:6)
  3 ice statues (IceCv)
  3 water nymphs
  A molten gargoyle (Lair:1)
  A gargoyle (D:14)
  Maggie (D:8)
  2 kobold demonologists
  A smoke demon (Lair:6)
  12 komodo dragons
  11 cane toads
  An unseen horror (D:13)
  A freezing wraith (D:15)
  2 rime drakes
  4 entropy weaver simulacra (IceCv)
  2 tengu conjurers
  4 trolls
  2 ice devils (D:12)
  7 merfolk
  3 wind drakes
  3 ancient zymes (Lair:6)
  2 polar bears
  Prince Ribbit (D:9)
  6 meliai (D:14)
  A hornet (D:10)
  6 snapping turtles
  18 blink frogs
  A meliai zombie (D:10)
  9 slime creatures
  10 dream sheep
  Sigmund (D:4)
  A shadow (D:12)
  3 ynoxinuls (Lair:6)
  8 wraiths
  46 yaks
  4 wyverns
  A vampire (D:13)
  2 water elementals (Shoals:1)
  A golden eye (shapeshifter) (Lair:6)
  2 hogs (D:14)
  5 basilisks
  6 vampire mosquitoes
  A steam dragon (D:7)
  9 wargs
  5 acid dragons
  13 water moccasins
  2 demonic crawler simulacra (IceCv)
  Duvessa (D:7)
  2 sky beasts
  33 orc warriors
  3 ugly thing simulacra (IceCv)
  2 black bears
  An ice beast (D:5)
  2 necrophages
  12 ogres
  12 wolves
  21 centaurs
  3 phantoms
  4 lemures
  8 bullfrogs
  3 kobold brigands
  12 gnoll sergeants
  A scorpion (D:6)
  5 glowing shapeshifter simulacra (IceCv)
  A water moccasin zombie (D:5)
  10 small abominations (Lair:6)
  Dowan (D:7)
  A water moccasin skeleton (D:5)
  2 killer bees (D:9)
  8 wights
  4 electric eels
  7 howler monkeys
  6 centaur zombies
  7 gnoll shamans
  12 jellies
  6 hounds
  28 orc priests
  2 scorpion zombies (D:5)
  6 hell rats (Lair:4)
  18 orc wizards
  A hound skeleton (D:4)
  A mummy (Ossuary)
  2 howler monkey zombies (D:9)
  7 adders
  30 gnolls
  3 shadow imps
  A white imp (D:7)
  A howler monkey simulacrum (D:9)
  2 worms (D:3)
  4 dart slugs
  114 orcs
  8 ball pythons
  15 endoplasms
  2 giant cockroaches
  8 goblins
  5 hobgoblins
  3 jackals (D:3)
  11 kobolds
  2 quokkas
  8 bats
  A frilled lizard (D:2)
  2 gnoll skeletons (Ossuary)
  8 kobold skeletons (Ossuary)
  15 orc skeletons (Ossuary)
  7 rats
896 creatures vanquished.

Vanquished Creatures (collateral kills)
  A deep elf pyromancer (D:14)
  A merfolk (Shoals:1)
2 creatures vanquished.

Vanquished Creatures (others)
  Nikola (Shoals:2)
  A death yak (Shoals:2)
  A slime creature (IceCv)
  52 fungi
  129 plants
184 creatures vanquished.

Grand Total: 1082 creatures vanquished

Notes
Turn   | Place    | Note
-------+----------+-------------------------------------------
     0 | D:1      | raph the Gargoyle Earth Elementalist began the quest for
                  | the Orb.
     0 | D:1      | Reached XP level 1. HP: 10/10 MP: 3/3
    90 | D:1      | Reached skill level 4 in Earth Magic
   103 | D:1      | Reached XP level 2. HP: 9/15 MP: 0/5
  1040 | D:1      | Reached XP level 3. HP: 11/19 MP: 6/6
  1041 | D:1      | Reached skill level 5 in Earth Magic
  1506 | D:2      | Learned a level 2 spell: Passwall
  1510 | D:2      | Learned a level 3 spell: Stone Arrow
  1991 | D:2      | Reached XP level 4. HP: 24/24 MP: 3/7
  2089 | D:2      | Found a faded altar of an unknown god.
  2096 | D:2      | Got Plato's Disquisition on Black Arts
  2110 | D:2      | Reached skill level 1 in Conjurations
  2384 | D:3      | Found a transporter.
  2386 | D:3      | Noticed a kobold demonologist
  2400 | D:3      | Found a transporter.
  2529 | D:3      | Found a white marble altar of Elyvilon.
  2534 | D:3      | Found a blossoming altar of Fedhas.
  2537 | D:3      | Found a radiant altar of Vehumet.
  2542 | D:3      | Became a worshipper of Vehumet
  3121 | D:3      | Reached skill level 1 in Fighting
  3121 | D:3      | Reached XP level 5. HP: 29/29 MP: 4/8
  3259 | D:3      | Reached skill level 1 in Armour
  3282 | D:3      | Reached skill level 6 in Earth Magic
  3790 | D:4      | Noticed a lemure
  3791 | D:4      | Noticed Pikel
  3791 | D:4      | Noticed a lemure
  3794 | D:4      | Noticed a lemure
  3806 | D:4      | Noticed a lemure
  3962 | D:4      | Identified a scroll of acquirement
  3962 | D:4      | Acquired the ring "Silob" {rPois Will- Str+7 Int+6 Stlth+}
  3980 | D:4      | Noticed Sigmund
  3987 | D:4      | Found an opulent altar of Gozag.
  3988 | D:4      | Found a broken altar of Ashenzari.
  3988 | D:4      | Found a shimmering blue altar of Sif Muna.
  4116 | D:5      | Entered Level 5 of the Dungeon
  4354 | D:5      | Noticed a phantom
  4377 | D:5      | Noticed a necrophage
  4390 | D:5      | Killed a phantom
  4391 | D:5      | Reached XP level 6. HP: 20/35 MP: 1/9
  4411 | D:5      | Killed a necrophage
  4517 | D:5      | Reached * piety under Vehumet
  4517 | D:5      | Offered knowledge of Magic Dart by Vehumet.
  4564 | D:5      | Learned a level 1 spell: Magic Dart
  4584 | D:5      | Reached XP level 7. HP: 33/40 MP: 1/10
  4801 | D:5      | Reached skill level 7 in Earth Magic
  5247 | D:5      | Reached XP level 8. HP: 46/46 MP: 11/11
  5279 | D:5      | Found a staircase to the Ecumenical Temple.
  5581 | D:6      | Noticed a troll
  5585 | D:6      | Killed a troll
  6371 | D:6      | Found Qeenowue's Magic Scroll Boutique.
  6379 | D:6      | Bought 3 scrolls of identify for 90 gold pieces
  6382 | D:6      | Bought a scroll of identify for 30 gold pieces
  6382 | D:6      | Bought a scroll of magic mapping for 52 gold pieces
  6529 | D:6      | Reached skill level 5 in Conjurations
  6529 | D:6      | Reached skill level 8 in Earth Magic
  6916 | D:6      | Reached XP level 9. HP: 52/52 MP: 4/12
  7032 | D:4      | Killed Sigmund
  7508 | D:4      | Offered knowledge of Searing Ray by Vehumet.
  7520 | D:4      | Reached ** piety under Vehumet
  7620 | D:3      | Learned a level 5 spell: Lee's Rapid Deconstruction
  8234 | D:4      | Killed Pikel
  8235 | D:4      | Reached skill level 5 in Fighting
  8235 | D:4      | Reached skill level 5 in Armour
  8235 | D:4      | Reached skill level 9 in Earth Magic
  8462 | D:7      | Noticed Duvessa
  8462 | D:7      | Noticed Dowan
  8466 | D:7      | Killed Dowan
  8481 | D:7      | Killed Duvessa
  8694 | D:7      | Found a sand-covered staircase.
  8698 | Ossuary  | Entered an ossuary
  8909 | Ossuary  | Reached skill level 10 in Earth Magic
  8985 | Ossuary  | Offered knowledge of Ignite Poison by Vehumet.
  9125 | D:7      | Acquired the amulet of Bewaa {Acrobat rCorr Dex+3}
  9585 | D:7      | Noticed a troll
  9784 | D:7      | Reached *** piety under Vehumet
  9792 | D:7      | Reached skill level 11 in Earth Magic
  9792 | D:7      | Reached XP level 10. HP: 59/59 MP: 5/14
 10265 | D:8      | Reached skill level 12 in Earth Magic
 10649 | D:8      | Noticed Maggie
 10660 | D:8      | Killed Maggie
 10742 | D:7      | Learned a level 2 spell: Blink
 11420 | D:9      | Offered knowledge of Frozen Ramparts by Vehumet.
 12093 | D:9      | Reached skill level 1 in Translocations
 12214 | D:9      | Noticed a two-headed ogre
 12455 | D:9      | Noticed a green ugly thing
 12556 | D:9      | Killed a green ugly thing
 12557 | D:9      | Reached skill level 13 in Earth Magic
 12717 | D:9      | Killed a two-headed ogre
 12718 | D:9      | Reached XP level 11. HP: 64/64 MP: 7/16
 12892 | D:9      | Found a staircase to the Lair.
 13044 | D:9      | Noticed a wizard
 13046 | D:9      | Noticed Prince Ribbit
 13047 | D:9      | Killed a wizard
 13048 | D:9      | Reached skill level 5 in Dodging
 13051 | D:9      | Killed Prince Ribbit
 13077 | D:9      | Noticed Erolcha
 13305 | D:9      | Noticed a cyclops
 13331 | D:9      | Killed a cyclops
 13480 | D:9      | Noticed a glowing orange brain
 13485 | D:9      | Killed a glowing orange brain
 13700 | D:9      | Killed Erolcha
 13749 | D:9      | Learned a level 4 spell: Iskenderun's Mystic Blast
 14008 | D:9      | Reached **** piety under Vehumet
 14857 | D:10     | Entered Level 10 of the Dungeon
 14857 | D:10     | Found a flagged portal.
 14859 | D:10     | Offered knowledge of Inner Flame by Vehumet.
 14916 | Bailey   | Entered a bailey
 16257 | D:10     | Noticed a two-headed ogre
 16261 | D:10     | Killed a two-headed ogre
 16646 | D:10     | Reached skill level 5 in Spellcasting
 16870 | D:10     | Found a portal to a secret trove of treasure.
 16921 | D:10     | Reached ***** piety under Vehumet
 16922 | D:10     | Reached XP level 12. HP: 65/72 MP: 11/19
 16941 | D:10     | Offered knowledge of Irradiate by Vehumet.
 17446 | Lair:1   | Entered Level 1 of the Lair of Beasts
 17644 | Lair:1   | Reached skill level 1 in Maces & Flails
 18412 | Lair:1   | Noticed Gastronok
 18421 | Lair:1   | Killed Gastronok
 18785 | Lair:1   | Learned a level 4 spell: Petrify
 19467 | Lair:2   | Found a runed translucent gate.
 19470 | Lair:2   | Noticed a quicksilver ooze
 19471 | Lair:2   | Found a runed translucent gate.
 19471 | Lair:2   | Found a runed translucent gate.
 19471 | Lair:2   | Noticed Pechyafi's ghost (journeyman DDEE)
 19475 | Lair:2   | Found a viscous altar of Jiyva.
 19574 | Lair:2   | Reached skill level 5 in Stealth
 19574 | Lair:2   | Reached skill level 14 in Earth Magic
 19596 | Lair:2   | Found a dark tunnel.
 20886 | Lair:3   | Reached XP level 13. HP: 77/78 MP: 12/22
 21080 | Lair:3   | Learned a level 1 spell: Animate Skeleton
 21148 | Lair:3   | Reached skill level 5 in Maces & Flails
 21291 | Lair:3   | Found a staircase to the Snake Pit.
 21576 | Lair:3   | Found a staircase to the Shoals.
 22499 | Lair:4   | Acquired the +0 pair of gloves "Tese" {SInv}
 22740 | Lair:4   | You fall into a shaft and drop 2 floors!
 22740 | Lair:6   | Entered Level 6 of the Lair of Beasts
 23284 | Lair:4   | Identified the +4 quarterstaff "Wiqusenu" {protect, +Blink
                  | rF- rCorr Int+4}
 23535 | Lair:5   | Found a staircase to the Slime Pits.
 23555 | Lair:5   | Offered knowledge of Spellforged Servitor by Vehumet.
 25495 | Lair:5   | Found a runed translucent door.
 25497 | Lair:5   | Noticed MisterFreud's ghost (journeyman GnWn)
 26280 | Lair:6   | Gained mutation: Your large and strong wings let you fly.
                  | [Gargoyle growth]
 26280 | Lair:6   | Reached XP level 14. HP: 86/86 MP: 13/24
 27528 | Lair:6   | Found a corrupted altar of Lugonu.
 27528 | Lair:6   | Found a one-way gate to the infinite horrors of the Abyss.
 27618 | Lair:5   | Reached skill level 1 in Evocations
 28168 | D:10     | Learned a level 7 spell: Spellforged Servitor
 28446 | D:11     | Found a staircase to the Orcish Mines.
 28462 | D:11     | Reached skill level 1 in Summonings
 28743 | D:11     | Reached skill level 10 in Conjurations
 28746 | D:11     | Offered knowledge of Iskenderun's Battlesphere by Vehumet.
 29596 | Orc:1    | Entered Level 1 of the Orcish Mines
 29596 | Orc:1    | Noticed Urug
 29599 | Orc:1    | Killed Urug
 29849 | Orc:1    | Noticed an orc warlord
 29955 | D:11     | Killed an orc warlord
 30500 | Orc:1    | Found Qisirchin's Distillery.
 30509 | Orc:1    | Bought a potion of heal wounds for 70 gold pieces
 30509 | Orc:1    | Bought a potion of magic for 112 gold pieces
 30841 | Orc:2    | Entered Level 2 of the Orcish Mines
 32748 | Orc:2    | Offered knowledge of Bolt of Magma by Vehumet.
 32758 | Orc:2    | Reached XP level 15. HP: 85/91 MP: 27/27
 32798 | Orc:2    | Noticed an orc warlord
 32806 | Orc:2    | Killed an orc warlord
 32865 | Orc:2    | Found Gesseati's Antique Armour Emporium.
 32918 | Orc:2    | Found Hedd's Antique Weapon Shoppe.
 32924 | Orc:2    | Bought a jewelled buckler for 266 gold pieces
 32924 | Orc:2    | Identified the +0 buckler of Jepra {rPois Regen+ Int-5}
                  | (You bought it in a shop on level 2 of the Orcish Mines)
 33255 | Orc:2    | Found Neqiuv's Book Shoppe.
 33762 | Orc:2    | Found a staircase to the Elven Halls.
 33886 | Orc:2    | Found Ewnal's Jewellery Boutique.
 33924 | Orc:2    | Bought a pair of boots for 126 gold pieces
 33979 | Orc:2    | Bought Great Wizards, Vol. II for 608 gold pieces
 33987 | Orc:2    | Learned a level 5 spell: Bolt of Magma
 34267 | D:12     | Reached skill level 5 in Summonings
 34437 | D:12     | Found a frozen archway.
 34452 | IceCv    | Entered an ice cave
 35000 | IceCv    | Identified the amulet of the Mackerel {RegenMP Slay+2}
 35746 | IceCv    | Noticed an azure jelly
 35747 | IceCv    | Found a viscous altar of Jiyva.
 35749 | IceCv    | Noticed an azure jelly
 35752 | IceCv    | Killed an azure jelly
 35880 | IceCv    | Killed an azure jelly
 35979 | IceCv    | Got the Tome of Snow
 36697 | D:13     | Found a runed translucent door.
 36698 | D:13     | Noticed Arum's ghost (journeyman FoFi)
 37050 | D:13     | Noticed Josephine
 37053 | D:13     | Killed Josephine
 37059 | D:13     | Offered knowledge of Fireball by Vehumet.
 37652 | D:13     | Killed Arum's ghost
 38475 | D:14     | Reached skill level 1 in Shields
 38902 | D:14     | Noticed Kirke
 38907 | D:14     | Killed Kirke
 39019 | D:14     | Found a broken altar of Ashenzari.
 39380 | D:14     | Found a gate to the Vaults.
 39585 | D:15     | Entered Level 15 of the Dungeon
 39758 | D:15     | Reached XP level 16. HP: 83/96 MP: 29/29
 40080 | D:15     | Reached skill level 10 in Spellcasting
 40206 | D:15     | Learned a level 5 spell: Fireball
 40230 | D:15     | Found a staircase to the Depths.
 42015 | Lair:6   | Reached skill level 15 in Earth Magic
 42620 | Lair:6   | Got the Guide on Attacks and Dislocation
 42629 | Lair:6   | Identified the +0 gold dragon scales "Wedd" {Harm rPois rF+
                  | rC+}
 42849 | Lair:6   | Offered knowledge of Conjure Ball Lightning by Vehumet.
 44617 | Shoals:1 | Entered Level 1 of the Shoals
 46471 | Shoals:2 | Noticed Aizul
 46493 | Shoals:2 | Killed Aizul
 46737 | Shoals:2 | Found Waqaw Ynlorr's Distillery.
 46740 | Shoals:2 | Bought 2 potions of heal wounds for 160 gold pieces
 46740 | Shoals:2 | Bought a potion of cancellation for 128 gold pieces
 46740 | Shoals:2 | Bought a potion of invisibility for 128 gold pieces
 46740 | Shoals:2 | Bought a potion of brilliance for 64 gold pieces
 46918 | Shoals:2 | Noticed Jorgrun
 47621 | Shoals:2 | Noticed Nikola
 47621 | Shoals:2 | Noticed Polyphemus
 48381 | Shoals:1 | Killed Polyphemus
 48889 | Shoals:2 | Killed Nikola
 48890 | Shoals:2 | Reached XP level 17. HP: 56/101 MP: 3/31
 49208 | Shoals:2 | Reached skill level 10 in Armour
 49392 | Shoals:3 | Reached skill level 10 in Fighting
 50101 | D:10     | You paid a toll of 2 scrolls of acquirement to enter a
                  | treasure trove
 50102 | Trove    | Entered a treasure trove
 50110 | Trove    | Identified the +2 helmet of Winter {rPois}
 50112 | Trove    | Identified the amulet "Winemix" {RegenMP Slay+3}
 50126 | Trove    | Identified the +3 mace of Responsibility {vorpal, rPois
                  | rN++}
 50170 | D:10     | Acquired a staff of earth
 50474 | Shoals:3 | Offered knowledge of Lehudib's Crystal Spear by Vehumet.
 51729 | Shoals:3 | Slain by an alligator snapping turtle

Illustrated notes

Levels and vault maps discovered:
D:1:      tarquinn_simple_flora_water_a, layout_rooms, minmay_tetromino_t2
D:2:      layout_loops_cross, shapermc_ecumenical_altar_rom_forum
D:3:      gammafunk_wand_slinger, layout_basic, minitemple,
          minmay_misc_feat_nine_boxes
D:4:      layout_basic, gammafunk_temple_overflow_forgotten, grunt_tough_drop,
          uniq_pikel, uniq_sigmund
D:5:      layout_basic, minmay_temple_entry_proselytizer, minmay_manual_monolith
D:6:      layout_basic, serial_shops, nicolae_stop_n_shop_1
D:7:      layout_basic, enter_ossuary_5, uniq_duvessa
D:8:      layout_cave_pools, uniq_maggie
D:9:      nzn_winding_woodlands_small [nzn_winding_woodlands_5x15_concentric,
          nzn_winding_woodlands_center_lodge, nzn_winding_woodlands_5x15_cabin],
          layout_basic, lair_entry_dummy, chequers_avenue, uniq_prince_ribbit1,
          uniq_erolcha
D:10:     layout_cave_pods, enter_bailey_2, nicolae_trove_entry_columns,
          special_room [special_room_orc], serial_bayou_ford_a,
          kennysheep_doodads
D:11:     layout_basic, minmay_orc_entry_guard_dogs, hex_medium,
          kennysheep_generic_room_14
D:12:     layout_loops_ring, portal_ice_cave_demonic_guard,
          minmay_misc_feat_roman
D:13:     layout_gridville, gammafunk_ghost_grave, uniq_josephine
D:14:     wad_cavern_with_rooms, layout_cave_pools, david_vaults_1,
          evilmike_ruin_ashenzari, uniq_kirke
D:15:     hangedman_depths_entry_civil_slaughter, layout_cave_pools,
          abandoned_shop
Lair:1:   layout_gridlike, uniq_gastronok
Lair:2:   layout_cave_pods, nicolae_volcano_entry_lava_flow,
          gammafunk_ghost_ooze, serial_bayou_shore_b, lemuel_fruit_tree,
          serial_bayou_shore_a
Lair:3:   layout_roguey, minmay_shoals_entry_centaurs,
          guppyfry_snake_entry_garden, infiniplex_staircase_pool
Lair:4:   layout_loops_ring
Lair:5:   layout_hall_layers, minmay_slime_entry_jelly_boxes,
          ebering_ghost_inner_flame
Lair:6:   hellmonk_lair_end_abyssal_woods, layout_gridlike
Shoals:1: layout_shoals
Shoals:2: layout_shoals, serial_shops, nicolae_shop_behind_doors,
          st_shoals_ruin, uniq_nikola, uniq_jorgrun, uniq_polyphemus, uniq_aizul
Shoals:3: layout_shoals, uniq_donald
Orc:1:    layout_caves, serial_shops, nicolae_diamond_shop, uniq_urug
Orc:2:    grunt_orc_community_town_hall, layout_caves,
          grunt_orc_community_big_house_2, grunt_orc_community_big_house_1,
          grunt_orc_community_house_3, grunt_orc_community_house_2,
          grunt_orc_community_house_1, grunt_orc_community_house_2,
          grunt_orc_community_house_1, grunt_orc_community_house_1

Skill      XL: |  1  2  3  4  5  6  7  8  9 10 11 12 13 14 15 16 17 |
---------------+----------------------------------------------------+-----
Earth Magic    | 4 5 6 7 8 11 13 14 15 | 15.6
Conjurations   | 1 2 3 5 6 7 8 9 11 12 13 | 13.6
Fighting       | 1 2 3 4 5 7 8 9 10 | 10.2
Armour         | 1 2 3 4 5 7 8 9 10 | 10.2
Dodging        | 2 3 4 5 6 7 8 |  8.1
Spellcasting   | 3 5 6 8 9 10 | 10.8
Translocations | 2 3 |  3.0
Stealth        | 3 5 7 8 |  8.4
Maces & Flails | 4 7 8 9 |  9.4
Evocations     | 1 |  1.4
Summonings     | 4 7 8 |  8.8
Shields        | 3 4 |  4.0
Transmutations | |  0.7

Action                   |  1- 3 |  4- 6 |  7- 9 | 10-12 | 13-15 | 16-18 || total
-------------------------+-------+-------+-------+-------+-------+-------++-------
Melee: Unarmed           |    10 |       |       |       |       |       ||    10
       Dagger            |    38 |       |       |       |       |       ||    38
       Whip              |    46 |    73 |   155 |    10 |       |       ||   284
       Morningstar       |       |       |       |    89 |   339 |    95 ||   523
       Staff             |       |       |       |       |       |     1 ||     1
Throw: Dart              |       |       |       |       |       |     2 ||     2
 Cast: Sandblast         |    21 |    43 |    44 |   186 |   116 |    11 ||   421
       Stone Arrow       |     1 |    11 |    50 |    69 |   152 |     5 ||   288
       Magic Dart        |       |       |     7 |    12 |     3 |       ||    22
       Passwall          |       |       |     1 |     2 |     2 |       ||     5
       Lee's Rapid Decon |       |       |    18 |    65 |   189 |    43 ||   315
       Iskenderun's Myst |       |       |       |    11 |    43 |    17 ||    71
       Blink             |       |       |       |     1 |     4 |       ||     5
       Petrify           |       |       |       |     1 |     4 |       ||     5
       Animate Skeleton  |       |       |       |       |     5 |     1 ||     6
       Bolt of Magma     |       |       |       |       |    38 |   196 ||   234
       Fireball          |       |       |       |       |       |    58 ||    58
       Spellforged Servi |       |       |       |       |       |     2 ||     2
Evoke: Wand              |       |       |       |     1 |     4 |     3 ||     8
       Phial of floods   |       |       |       |       |       |     1 ||     1
  Use: Scroll            |     2 |     8 |     8 |    14 |    14 |     4 ||    50
       Potion            |       |       |     1 |     1 |     2 |     2 ||     6
 Stab: Sleeping          |     1 |     2 |     2 |     1 |     4 |     1 ||    11
Armor: Robe              |    40 |    13 |       |       |       |       ||    53
       Quicksilver drago |       |    35 |    84 |   165 |   408 |   120 ||   812
Dodge: Dodged            |    71 |    47 |   117 |   239 |   503 |   151 ||  1128
Block: Buckler           |       |       |       |       |    11 |    50 ||    61
